Map: 10000 Feet LE

Players

Railgan - Winner!

  • Race: Zerg Zerg
  • League: Grandmaster
  • Spawn Location: 11:00

Geralt (Gerald)

  • Race: Protoss Protoss
  • League: Grandmaster
  • Spawn Location: 5:00

VOD

Have the link to the VOD?

Description

Time

  • Played on: Dec. 31, 2025, 9:45 a.m.
  • Length: 8:22
Show
View Real Time Build Order
Export as new Build Order

Railgan Zerg - Winner!

Build Orders: Hatch First 

Get SALT Encoding   

  12  0:00  Drone  
  13  0:12  Overlord  
  13  0:16  Drone  
  14  0:30  Drone x2  
  16  0:47  Hatchery  
  15  0:50  Drone  
  15  0:52  Drone  
  15  0:56  Drone  
  18  1:07  Extractor  
  17  1:12  Spawning Pool  
  17  1:16  Drone  
  17  1:18  Drone  
  18  1:29  Drone  
  19  1:39  Drone  
  20  1:49  Drone  
  21  1:58  Queen  
  21  1:59  Queen  
  21  2:00  Zergling x4  
  27  2:10  Overlord  
  27  2:11  Drone  
  27  2:13  Metabolic Boost  
  28  2:29  Drone x2  
  30  2:34  Queen  
  32  2:37  Queen  
  33  2:44  Drone  
  33  2:45  Drone  
  33  2:50  Overlord  
  35  2:52  Drone  
  36  3:00  Overlord  
  35  3:06  Zergling x2  
  35  3:10  Zergling x14  
  43  3:18  Queen  
  45  3:21  Zergling x2  
  45  3:22  Zergling x2  
  45  3:25  Zergling x2  
  48  3:31  Zergling x2  
  48  3:33  Zergling x2  
  49  3:40  Zergling x2  
  49  3:41  Queen  
  52  3:51  Zergling x2  
  52  4:01  Zergling x4  
  51  4:07  Zergling x2  
  51  4:08  Zergling x2  
  51  4:09  Overlord x2  
  51  4:16  Zergling x2  
  51  4:17  Zergling x2  
  51  4:19  Evolution Chamber, Drone  
  51  4:21  Hatchery  
  51  4:23  Zergling x2  
  51  4:27  Zergling x6  
  54  4:31  Zergling x2  
  54  4:36  Spore Crawler, Zergling x2  
  55  4:49  Hatchery  
  47  5:01  Zergling x2  
  47  5:02  Zergling x12  
  52  5:08  Hatchery  
  52  5:12  Zergling x2  
  51  5:20  Queen, Zergling x4  
  54  5:23  Queen  
  54  5:27  Zergling x2  
  53  5:30  Zerg Melee Weapons Level 1  
  53  5:31  Zergling x2  
  52  5:37  Zergling x2  
  53  5:45  Zergling x4  
  53  5:47  Queen  
  53  5:49  Zergling x2  
  54  5:50  Zergling x2  
  54  5:52  Zergling x2  
  54  5:55  Zergling x6  
  54  5:56  Zergling x4  
  60  5:58  Zergling x2  
  60  6:02  Zergling x2  
  62  6:04  Zergling x2  
  62  6:10  Zergling x6  
  64  6:17  Zergling x2  
  64  6:18  Zergling x2  
  53  6:31  Zergling x2  
  52  6:35  Zergling x4  
  52  6:36  Zergling x6  
  52  6:39  Zergling x2  
  55  6:43  Zergling x2  
  52  6:51  Zergling x2  
  52  6:52  Zergling x4  
  53  6:55  Zergling x2  
  53  6:59  Zergling x2  
  53  7:04  Zergling x2  
  53  7:06  Zergling x2  
  53  7:09  Zergling x2  
  53  7:12  Zergling x2  
  53  7:16  Zergling x2  
  53  7:19  Zergling x2  
  55  7:26  Zergling x4  
  55  7:36  Zergling x6  
  55  7:41  Zergling x2  
  55  7:42  Zergling x2  
  53  7:50  Zergling x4  
  53  7:54  Zergling x2  
  52  8:02  Zergling x4  
  52  8:04  Zergling x2  
Show
View Real Time Build Order
Export as new Build Order

Geralt Protoss 

Build Orders: 1 Gate Expand, Oracle Opening 

Get SALT Encoding   

  12  0:00  Probe  
  13  0:12  Probe  
  14  0:18  Pylon  
  14  0:26  Probe  
  15  0:34  Probe  
  15  0:39  Gateway  
  15  0:42  Probe  
  16  0:48  Assimilator  
  17  0:53  Probe  
  18  1:05  Probe  
  19  1:17  Probe  
  20  1:25  Nexus  
  20  1:29  Probe  
  21  1:36  Cybernetics Core  
  21  1:41  Probe  
  21  1:45  Assimilator  
  22  1:50  Pylon  
  22  1:54  Probe  
  23  2:03  Adept  
  23  2:08  Probe  
  26  2:20  Probe  
  27  2:23  Adept, Stargate  
  27  2:32  Probe  
  27  2:36  Warp Gate  
  30  2:41  Probe  
  31  2:45  Probe  
  32  2:53  Adept, Probe  
  32  2:57  Probe  
  36  2:58  Oracle  
  36  3:05  Probe  
  36  3:09  Probe  
  41  3:18  Probe  
  42  3:21  Probe  
  42  3:24  Pylon  
  43  3:27  Oracle  
  43  3:30  Probe  
  43  3:33  Probe  
  46  3:43  Nexus  
  46  3:45  Probe  
  47  3:51  Probe  
  47  3:55  Gateway  
  47  3:57  Probe  
  47  3:58  Shield Battery  
  44  4:05  Pylon  
  44  4:16  Gateway  
  44  4:18  Gateway  
  44  4:20  Pylon  
  44  4:21  Shield Battery  
  44  4:22  Shield Battery  
  42  4:28  Zealot  
  42  4:30  Oracle  
  47  4:35  Probe  
  47  4:37  Probe  
  49  4:39  Pylon  
  49  4:50  Zealot  
  49  4:54  Probe  
  49  4:57  Zealot  
  52  5:02  Probe  
  51  5:19  Zealot x4  
  51  5:20  Probe  
  55  5:22  Assimilator  
  55  5:24  Assimilator  
  55  5:25  Cybernetics Core  
  55  5:27  Gateway  
  51  5:31  Gateway  
  51  5:33  Probe x2  
  49  5:37  Gateway  
  49  5:41  Zealot x4  
  53  5:53  Pylon, Gateway  
  49  6:03  Stalker x3  
  55  6:05  Shield Battery  
  55  6:07  Shield Battery  
  55  6:25  Pylon  
  55  6:28  Zealot  
  55  6:29  Zealot  
  53  6:40  Pylon  
  53  6:43  Pylon  
  53  6:45  Pylon, Probe  
  52  6:48  Zealot  
  52  6:51  Sentry  
  52  6:54  Pylon  
  52  6:56  Pylon  
  52  6:58  Pylon  
  52  6:59  Probe  
  52  7:00  Pylon x2  
  51  7:01  Pylon  
  51  7:03  Sentry, Shield Battery x2  
  51  7:04  Sentry  
  51  7:06  Pylon  
  51  7:07  Stalker  
  51  7:08  Stalker  
  59  7:16  Zealot  
  56  7:25  Probe  
  55  7:30  Adept x2  
  55  7:35  Adept  
  57  7:39  Probe  
  57  7:41  Zealot  
  55  7:50  Zealot x3  
  56  7:54  Probe  
  56  7:57  Stalker  
  56  7:58  Probe  
  49  8:06  Probe  
  48  8:13  Zealot  
Tags
 
Add a new tag
Caveats
  • Supply blocks, unpowered buildings, or Contaminate may cause inaccurate times.
  • Supply counts are checked every 10 seconds.